 Dungeon Crawl Stone Soup version 0.31-a0-1626-g5cb510d322 (webtiles) character file.

Game seed: 11790566552205587992

151 Trezzon the Grave Robber (level 5, -1/37 HPs)
             Began as a Demonspawn Necromancer on Jan 12, 2024.
             Was a Follower of Wu Jian.
             Slain by HourglassMan's ghost (3 damage)
             ... on level 3 of the Dungeon.
             The game lasted 00:13:32 (1694 turns).

Trezzon the Grave Robber (Demonspawn Necromancer)   Turns: 1694, Time: 00:13:32

Health: -1/37      AC:  3    Str:  8    XL:     5   Next: 10%
Magic:  9/9        EV: 12    Int: 17    God:    Wu Jian [*.....]
Gold:   93         SH:  0    Dex: 14    Spells: 2/10 levels left

rFire   . . .        h - +3 hand axe
rCold   . . .        (no shield)
rNeg    . . .        a - +0 robe
rPois   .            g - +0 helmet
rElec   .            (no cloak)
rCorr   .            (no gloves)
SInv    .            (no boots)
Will    .....        (no amulet)
Stlth   ++           (no ring)
HPRegen 0.26/turn    (no ring)
MPRegen 0.11/turn

%: no passive effects
@: no status effects
A: hooves 2, powered by death 1, spiny 1
a: Renounce Religion


You were on level 3 of the Dungeon.
You worshipped Wu Jian.
Wu Jian was aware of your devotion.
You visited 1 branch of the dungeon, and saw 4 of its levels.

You collected 93 gold pieces.

Inventory:

Hand Weapons
 c - a +0 dagger
 d - a +1 vampiric dagger
 h - a +3 hand axe (weapon)
 j - a +5 dagger
Armour
 a - a +0 robe (worn)
 f - a +0 robe
 g - a +0 helmet (worn)
Scrolls
 e - a scroll of amnesia {unknown}
 k - a scroll of enchant weapon {unknown}
 l - a scroll of immolation {unknown}
 m - a scroll of identify {unknown}
Potions
 b - 4 potions of magic
 i - a potion of might {unknown}


   Skills:
 + Level 1.1 Fighting
 + Level 0.2 Short Blades
 + Level 1.9 Axes
 + Level 2.2 Dodging
 + Level 2.5 Stealth
 + Level 0.3 Unarmed Combat
 + Level 3.1 Spellcasting
 + Level 4.7 Necromancy


You had 2 spell levels left.
You knew the following spells:

 Your Spells              Type           Power      Damage    Failure   Level
a - Necrotise             Necr           72%        1d7       2%          1
b - Vampiric Draining     Necr           18%        2d7       8%          3
c - Animate Dead          Necr           18%        N/A       26%         4

Your spell library contained the following spells:

 Spells                   Type           Power      Damage    Failure   Level
 Curse of Agony           Necr           18%        N/A       56%         5


Dungeon Overview and Level Annotations

Branches:
Dungeon (4/15)
 Temple: D:4-7

Altars:
Wu Jian
Xom

Annotations:
D:3 HourglassMan's ghost, amateur VSBr


Innate Abilities, Weirdness & Mutations

You have hoof-like feet.
You regenerate a little health from kills.
You are partially covered in sharp spines.


Message History

Things that are here:
a bat corpse; a dart slug corpse A ball python comes into view.
The ball python hisses angrily.
The ball python bites you but does no damage.
You hit the ball python.
You kill the ball python!
The Council accepts your kill.
You see here a ball python corpse.
The ogre shouts!
Found 11 gold pieces.
Found a transporter.
Found a sapphire potion.
The ogre shouts!
A ball python comes into view.
There is a transporter here.
You enter the transporter and appear at another place.
Found a transporter.
HourglassMan's ghost tries to blend into its surroundings.
You hit HourglassMan's ghost. Your kick misses HourglassMan's ghost.
HourglassMan's ghost is lightly damaged.
HourglassMan's ghost is struck by your spines.
HourglassMan's ghost hits you but does no damage.
You hit HourglassMan's ghost. Your kick misses HourglassMan's ghost.
HourglassMan's ghost is moderately damaged.
HourglassMan's ghost is struck by your spines.
HourglassMan's ghost hits you. x2
The ogre hits you with a +0 giant spiked club!!
Ouch! That really hurt!
* * * LOW HITPOINT WARNING * * *
The ogre shouts!
There is a transporter here.
You enter the transporter and appear at another place.
HourglassMan's ghost is struck by your spines.
HourglassMan's ghost hits you.
* * * LOW HITPOINT WARNING * * *
HourglassMan's ghost attacks as it pursues you!
HourglassMan's ghost completely misses you.
HourglassMan's ghost attacks as it pursues you!
HourglassMan's ghost hits you.
You die...

..............#....$#....
...........†..+..........
..............#..........
......................#..
.....
.....................+..
....
########..........#######..
.... #......#...####.....
.... ...
#.#..#.#.....###+#... ####
... #..##..#..@..#####... #
..# #..##..#..W....... ..
.###
#.#####.#..#$#©.........
....
.>...+#©....!#..........
.[..
.[.####.#..#.#©.##......
.... ...####..##..#..#
...... ....
.....##OO##..#..........
..##
......#.#.O#.#.....S.... ..
# ......#§.....#..........
#


You could see an ogre, HourglassMan's ghost and a ball python (asleep).

Vanquished Creatures
  An orc priest (D:3)
  Robin (D:2)
  3 adders
  2 dart slugs
  2 ribbon worms (D:2)
  8 orcs
  3 ball pythons
  7 bats
  4 endoplasms
  3 giant cockroaches
  14 goblins
  4 hobgoblins
  A frilled lizard (D:3)
  6 kobolds
  9 rats
68 creatures vanquished.

Vanquished Creatures (collateral kills)
  A goblin (D:2)
1 creature vanquished.

Grand Total: 69 creatures vanquished

Notes
Turn   | Place    | Note
-------+----------+-------------------------------------------
     0 | D:1      | Trezzon the Demonspawn Necromancer began the quest for the
                  | Orb.
     0 | D:1      | Reached XP level 1. HP: 13/13 MP: 3/3
   264 | D:1      | Gained mutation: You regenerate a little health from kills.
                  | [demonic ancestry]
   264 | D:1      | Reached XP level 2. HP: 19/19 MP: 0/5
   279 | D:1      | You fall into a shaft and drop 1 floor!
   764 | D:2      | Gained mutation: You are partially covered in sharp spines.
                  | [demonic ancestry]
   764 | D:2      | Reached XP level 3. HP: 13/24 MP: 7/7
   812 | D:2      | Noticed Robin
   858 | D:2      | Killed Robin
   859 | D:2      | Reached skill level 1 in Axes
   896 | D:2      | Learned a level 3 spell: Vampiric Draining
  1045 | D:2      | Gained mutation: You have large cloven feet. [demonic
                  | ancestry]
  1045 | D:2      | Reached XP level 4. HP: 31/31 MP: 8/8
  1209 | D:3      | Learned a level 4 spell: Animate Dead
  1510 | D:3      | Found a faded altar of an unknown god.
  1513 | D:3      | Prayed at the altar of an unknown god.
  1513 | D:3      | Became a worshipper of the Wu Jian Council
  1513 | D:3      | Reached * piety under Wu Jian
  1536 | D:3      | Found a shimmering altar of Xom.
  1541 | D:3      | Noticed an angel
  1629 | D:3      | Reached skill level 1 in Fighting
  1631 | D:3      | Gained mutation: You have hoof-like feet. [demonic
                  | ancestry]
  1631 | D:3      | Reached XP level 5. HP: 13/37 MP: 9/9
  1669 | D:3      | Noticed an ogre
  1670 | D:3      | Found a transporter.
  1670 | D:3      | Noticed HourglassMan's ghost (amateur VSBr)
  1671 | D:3      | Noticed an ogre
  1672 | D:3      | Noticed an ogre
  1682 | D:3      | Found a transporter.
  1690 | D:3      | HP: 1/37 [HourglassMan's ghost (4)]
  1694 | D:3      | Slain by HourglassMan's ghost

Illustrated notes

Levels and vault maps discovered:
D:1:      scummos_arrival_simple_crosswalls, layout_basic
D:2:      layout_basic, uniq_robin
D:3:      layout_basic, grunt_temple_overflow_order_and_chaos_1,
          hellmonk_ecumenical_altar_inner_sanctum, gammafunk_ghost_smash,
          lexackson_kobold_supper
D:4:      layout_gridville, kennysheep_mini, minmay_temple_entry_junction,
          serial_shops, shop

Skill      XL: |  1  2  3  4 |
---------------+-------------+-----
Stealth        | 2 |  2.5
Spellcasting   | 3 |  3.1
Axes           | 1 |  1.9
Dodging        | 2 |  2.2
Fighting       | 1 |  1.1
Short Blades   | |  0.2
Unarmed Combat | |  0.3
Necromancy     | |  4.7

Action                     |  1- 3 |  4- 6 || total
---------------------------+-------+-------++-------
  Melee: Unarmed           |    14 |       ||    14
         Punch             |     2 |     6 ||     8
         Hand axe          |    55 |   139 ||   194
         Dagger            |    12 |       ||    12
         Kick              |       |    70 ||    70
   Cast: Necrotise         |    19 |       ||    19
Ability: Whirlwind         |       |     4 ||     4
         Lunge             |       |     1 ||     1
   Stab: Sleeping          |     4 |       ||     4
 Armour: Robe              |    56 |    44 ||   100
  Dodge: Dodged            |    61 |    34 ||    95

Table legend: (Time is in decaauts)
 A = Elapsed time spent in this place.
 B = Non-inter-level travel time spent in this place.
 C = Inter-level travel time spent in this place.
 D = Time resting spent in this place.
 E = Time spent auto-exploring this place.
 F = Levels seen in this place.
 G = Mean time per level.
                   A        B        C        D        E       F      G
               +--------+--------+--------+--------+--------+-----+--------+
         Total |   1740 |    776 |    964 |     19 |      0 |   4 |  435.0 |
       Dungeon |   1740 |    776 |    964 |     19 |      0 |   4 |  435.0 |
               +--------+--------+--------+--------+--------+-----+--------+

Top non-repeatable levels by time:
     D:2: 853 daAuts
     D:3: 600 daAuts
     D:1: 278 daAuts
     D:4: 7 daAuts
